 Dungeon Crawl Stone Soup version 0.28-a0-1624-g820543e53a (webtiles) character file.

Game seed: 3326034243794674446

4 cyrus the Shield-Bearer (level 1, 0/15 (18) HPs)
             Began as a Formicid Fighter on Jan 23, 2022.
             Slain by a goblin (2 damage)
             ... on level 1 of the Dungeon.
             The game lasted 00:01:26 (603 turns).

cyrus the Shield-Bearer (Formicid Fighter)           Turns: 603, Time: 00:01:27

HP:   0/15 (18)     AC:  6    Str: 20    XL:     1   Next: 66%
MP:   1/1           EV:  9    Int:  7    God:
Gold: 18            SH:  4    Dex: 10    Spells: 0/0 levels left

rFire   . . .      SeeInvis +   a - +0 long sword
rCold   . . .      Faith    .   c - +0 buckler
rNeg    . . .      Spirit   .   b - +0 scale mail
rPois   .          Reflect  .   (helmet unavailable)
rElec   .          Harm     .   (no cloak)
rCorr   .          Rampage  .   (no gloves)
Will    .....                   (no boots)
Stlth   ..........              (no amulet)
HPRegen 0.05/turn               (no ring)
MPRegen 0.07/turn               (no ring)

@: mighty, heavily drained
A: permanent stasis, dig shafts and tunnels, antennae 3, four strong arms
a: Dig, Shaft Self


You were on level 1 of the Dungeon.
You visited 1 branch of the dungeon, and saw 1 of its levels.

You collected 18 gold pieces.

Inventory:

Hand Weapons
 a - a +0 long sword (weapon)
Armour
 b - a +0 scale mail (worn)
 c - a +0 buckler (worn)
Scrolls
 e - a scroll of identify {unknown}
 f - a scroll of amnesia {unknown}


   Skills:
 + Level 3.4 Fighting
 + Level 2.2 Long Blades
 + Level 3.2 Armour
 + Level 3.6 Shields


You couldn't memorise any spells.
You didn't know any spells.
Your spell library was empty.

Dungeon Overview and Level Annotations

Branches:
Dungeon (1/15)

Altars:


Innate Abilities, Weirdness & Mutations

You cannot be hasted, slowed, berserked, paralysed or teleported.
You can dig through walls and to a lower floor.
You have a pair of large antennae on your head. (SInv)
Your four strong arms can wield two-handed weapons with a shield.


Message History

You hit the hobgoblin but do no damage.
The hobgoblin hits you but does no damage.
You barely miss the hobgoblin. The hobgoblin completely misses you.
The hobgoblin hits you but does no damage.
You slash the hobgoblin!
You kill the hobgoblin!
You now have 18 gold pieces.
Found a glowing hand axe.
A goblin comes into view. It is wielding a +0 club.
The goblin shouts!
A goblin is nearby!
A rat comes into view.
The rat barely misses you. The rat bites you but does no damage.
You slash the rat!
You kill the rat!
The goblin barely misses you. The goblin hits you with a +0 club.
The goblin misses you. The goblin hits you with a +0 club.
You closely miss the goblin. The goblin hits you with a +0 club.
You closely miss the goblin. You block the goblin's attack.
You miss the goblin. The goblin hits you with a +0 club.
You block the goblin's attack.
You barely miss the goblin. The goblin hits you with a +0 club.
You barely miss the goblin. The goblin completely misses you.
You closely miss the goblin. The goblin hits you with a +0 club.
* * * LOW HITPOINT WARNING * * *
The goblin hits you but does no damage.
You hit the goblin but do no damage. The goblin hits you but does no damage.
You closely miss the goblin. The goblin hits you but does no damage.
You hit the goblin but do no damage. The goblin hits you with a +0 club.
* * * LOW HITPOINT WARNING * * *
The goblin barely misses you.
Unknown command.
The goblin barely misses you.
You feel very mighty all of a sudden. You block the goblin's attack.
You block the goblin's attack.
You barely miss the goblin. The goblin hits you with a +0 club.
You die...

### #.# #.. #.###
#...# #...# #@..#
#g### . #.#
#...###.########
...............##
#...###.######..#
## #.. ##.##
....#####..#####..
...................


You could see a goblin.

Vanquished Creatures
  A bat (D:1)
  A hobgoblin (D:1)
  A kobold (D:1)
  A rat (D:1)
4 creatures vanquished.

Notes
Turn   | Place    | Note
-------+----------+-------------------------------------------
     0 | D:1      | cyrus the Formicid Fighter began the quest for the Orb.
     0 | D:1      | Reached XP level 1. HP: 18/18 MP: 1/1
   603 | D:1      | Slain by a goblin

Illustrated notes

Levels and vault maps discovered:
D:1:      minmay_arrival_four_loops, layout_basic,
          shapermc_ecumenical_altar_mp_vishouse

Action                   || total
-------------------------++-------
Melee: Long sword        ||    19
 Abil: Dig               ||     1
  Use: Potion            ||     1
Armor: Scale mail        ||    13
Dodge: Dodged            ||    12
Block: Buckler           ||     6

Table legend: (Time is in decaauts)
 A = Elapsed time spent in this place.
 B = Non-inter-level travel time spent in this place.
 C = Inter-level travel time spent in this place.
 D = Time resting spent in this place.
 E = Time spent auto-exploring this place.
 F = Levels seen in this place.
 G = Mean time per level.
                   A        B        C        D        E       F      G
               +--------+--------+--------+--------+--------+-----+--------+
         Total |    608 |    608 |      0 |    353 |    154 |   1 |  608.0 |
       Dungeon |    608 |    608 |      0 |    353 |    154 |   1 |  608.0 |
               +--------+--------+--------+--------+--------+-----+--------+

Top non-repeatable levels by time:
     D:1: 608 daAuts
